 Dungeon Crawl Stone Soup version 0.30-a0-879-ga8ba668304 (webtiles) character file.

Game seed: 2982706346621494456

74916 jovan2203 the Fighter (level 15, -13/108 HPs)
             Began as a Gargoyle Fighter on Mar 14, 2023.
             Was the Champion of Qazlal.
             Mangled by a 16-headed hydra (16 damage)
             ... on level 14 of the Dungeon.
             The game lasted 00:48:53 (15958 turns).

jovan2203 the Fighter (Gargoyle Fighter)           Turns: 15958, Time: 00:48:53

Health: -13/108    AC: 31    Str: 27    XL:     15   Next: 48%
Magic:  0/29       EV: 20    Int:  7    God:    Qazlal [******]
Gold:   835        SH:  0    Dex: 13    Spells: 14/14 levels left

rFire   . . .      SeeInvis .    v - +8 hand axe (chaos)
rCold   . . .      Faith    .    b - +1 kite shield
rNeg    + . .      Spirit   +    U - +4 moon troll leather armour {Spirit, Regen++ MP+5}
rPois   ∞          Reflect  .    D - +0 helmet
rElec   +          Rampage  .    p - scarf {repulsion}
rCorr   .                        k - +0 pair of gloves
Will    +....                    o - +2 pair of boots {Fly} Stlth
                                 d - amulet of guardian spirit
HPRegen 1.98/turn                H - ring of magical power
MPRegen 0.21/turn                t - +5 ring of evasion

@: confused, ambrosia-drunk, protected from physical damage, flying, repel
missiles, unable to read
A: sickness immunity, AC +11, big wings, negative energy resistance 1,
electricity resistance, torment resistance 1, petrification resistance, agile 1,
robust 1, inability to read after injury 1
a: Renounce Religion, Upheaval, Elemental Force, Disaster Area


You were on level 14 of the Dungeon.
You worshipped Qazlal.
Qazlal was exalted by your worship.
You visited 4 branches of the dungeon, and saw 20 of its levels.
You also visited: Bailey.

You collected 2155 gold pieces.
You spent 1320 gold pieces at shops.

Inventory:

Hand Weapons
 i - the +7 whip "Heogec" {freeze, rC+ Str+3 Dex+2}
   (You found it on level 2 of the Lair of Beasts)

   Str:       It affects your strength (+3).
   Dex:       It affects your dexterity (+2).
   rC:        It protects you from cold.
 v - a +8 hand axe of chaos (weapon)
Missiles
 K - a throwing net (quivered)
Armour
 b - a +1 kite shield (worn)
 k - a +0 pair of gloves (worn)
 m - the +4 chain mail of the Miller {Harm rElec Regen+ Dex-3}
   (You found it on level 3 of the Dungeon)

   Dex:       It affects your dexterity (-3).
   rElec:     It insulates you from electricity.
   Regen:     It increases your rate of health regeneration.
   Harm:      It increases damage dealt and taken.
 o - a +2 pair of boots of flying (worn)
 p - a scarf of repulsion (worn)
 q - a +6 plate armour of poison resistance
 D - a +0 helmet (worn)
 U - the +4 moon troll leather armour (worn) {Spirit, Regen++ MP+5}
   (You bought it in a shop on level 12 of the Dungeon)

   MP:        It affects your magic capacity (+5).
   Regen:     It increases your rate of health regeneration.
Jewellery
 d - an amulet of guardian spirit (around neck)
 t - a +5 ring of evasion (right hand)
 B - the ring "Eseluhee" {Int+6 SInv}
   (You found it on level 6 of the Dungeon)

   [ring of see invisible]

   Int:       It affects your intelligence (+6).
   SInv:      It lets you see invisible.
 E - a ring of ice
 H - a ring of magical power (left hand)
 N - a ring of ice
 R - a ring of positive energy
 T - an amulet of faith
 W - a ring of positive energy
Wands
 y - a wand of paralysis (15)
 F - a wand of acid (12)
 J - a wand of polymorph (6)
 L - a wand of flame (20)
 M - a wand of digging (6)
 O - a wand of roots (1)
Scrolls
 c - a scroll of vulnerability
 e - 4 scrolls of fog
 f - 2 scrolls of silence
 r - 3 scrolls of blinking
 s - 5 scrolls of teleportation
 u - 2 scrolls of magic mapping
 w - 3 scrolls of amnesia
 z - a scroll of torment
 A - a scroll of fear
 S - 2 scrolls of poison
 X - 4 scrolls of immolation {unknown}
 Y - a scroll of identify
Potions
 a - 4 potions of resistance
 g - 4 potions of lignification
 h - a potion of attraction
 l - 3 potions of magic
 n - 6 potions of flight
 x - 2 potions of invisibility {unknown}
 C - 4 potions of curing
 G - 5 potions of brilliance
 I - 2 potions of cancellation
 P - 2 potions of might
 Q - 3 potions of degeneration
 V - 2 potions of berserk rage


   Skills:
 + Level 13.5 Fighting
 + Level 11.2 Axes
 + Level 13.4 Armour
 + Level 10.1 Dodging
 + Level 13.5 Shields
 + Level 5.8 Evocations


You had 14 spell levels left.
You didn't know any spells.
Your spell library contained the following spells:

 Spells                   Type           Power      Damage    Failure   Level
 Freeze                   Ice            0%         1d3       67%         1
 Slow                     Hex            0%         N/A       67%         1
 Static Discharge         Conj/Air       0%         2-2/arc   82%         2
 Confusing Touch          Hex            0%         N/A       96%         3
 Frozen Ramparts          Ice            0%         1d1       96%         3
 Hailstorm                Conj/Ice       0%         3d3       96%         3
 Summon Guardian Golem    Hex/Summ       0%         N/A       96%         3
 Tukima's Dance           Hex            0%         N/A       96%         3
 Vampiric Draining        Necr           0%         2d6       96%         3
 Vhi's Electric Charge    Tloc/Air       0%         N/A       96%         3
 Animate Dead             Necr           0%         N/A       100%        4
 Passage of Golubria      Tloc           0%         N/A       100%        4
 Summon Ice Beast         Ice/Summ       0%         N/A       100%        4
 Arcjolt                  Conj/Air       0%         1d10      100%        5
 Fireball                 Conj/Fire      0%         3d3       100%        5
 Iskenderun's Battlesphe  Conj           0%         2d6       100%        5
 Lightning Bolt           Conj/Air       0%         1d11      100%        5
 Yara's Violent Unravell  Hex/Tmut       0%         3d3       100%        5
 Conjure Ball Lightning   Conj/Air       0%         3x3d6     100%        6
 Haunt                    Necr/Summ      0%         N/A       100%        7
 Orb of Destruction       Conj           0%         9d5       100%        7
 Infestation              Necr           0%         N/A       100%        8
 Sublimation of Blood     Necr           Unusable   N/A       N/A         2

Dungeon Overview and Level Annotations

Branches:
Dungeon (14/15)            Temple (1/1) D:4            Lair (2/5) D:11
  Snake (3/4) Lair:2          Orc (0/2) D:10         Vaults (0/5) D:13
 Bailey (visited)
  Swamp: Lair:2-3    Shoals: Lair:2-3

Altars:
Ashenzari
Cheibriados
Dithmenos
Elyvilon
Fedhas
Gozag
Kikubaaqudgha
Makhleb
Nemelex Xobeh
Okawaru
Qazlal
Ru
Sif Muna
Trog
Uskayaw
Vehumet
Wu Jian
Xom
Zin
The Shining One

Shops:
D:10 :   D:12 [   Snake:1 :(!   Snake:3 !


Innate Abilities, Weirdness & Mutations

You are immune to sickness and miasma.
Your stone body is resilient. (AC +11)
You are immune to poison.
Your large and strong wings let you fly.
You resist negative energy. (rN+)
You are resistant to electric shocks. (rElec)
You are resistant to unholy torment.
You are immune to petrification.
You are agile. (Dex +4, Str/Int -1)
You are robust. (+10% HP)
You occasionally lose the ability to read scrolls when taking damage.


Message History

The 16-headed hydra barely misses you.
The 16-headed hydra bites you but does no damage.
The 16-headed hydra closely misses you.
The 16-headed hydra bites you but does no damage.
The vampire mosquito is engulfed in blazing flames.
The vampire mosquito completely misses you.
The 16-headed hydra completely misses you.
The 16-headed hydra bites you but does no damage. x2
The 16-headed hydra misses you.
The 16-headed hydra completely misses you.
The 16-headed hydra bites you but does no damage.
The 16-headed hydra misses you. The 16-headed hydra bites you!
* * * LOW HITPOINT WARNING * * *
You feel more protected from physical attacks.
The 16-headed hydra bites you but does no damage. x2
The 16-headed hydra bites you.
* * * LOW HITPOINT WARNING * * *
You feel more protected from physical attacks.
The 16-headed hydra bites you but does no damage. x5
The vampire mosquito is engulfed in blazing flames.
You destroy the vampire mosquito!
Qazlal accepts your kill.
Okay, then.
The 16-headed hydra bites you.
* * * LOW HITPOINT WARNING * * *
The 16-headed hydra barely misses you.
The 16-headed hydra bites you but does no damage. x3
The 16-headed hydra closely misses you. x2; The 16-headed hydra bites you!!
* * * LOW HITPOINT WARNING * * *
You feel more protected from physical attacks.
The 16-headed hydra barely misses you. The 16-headed hydra bites you!
* * * LOW HITPOINT WARNING * * *
You feel more protected from physical attacks.
The 16-headed hydra bites you but does no damage.
The 16-headed hydra bites you.
* * * LOW HITPOINT WARNING * * *
You feel more protected from physical attacks.
The 16-headed hydra bites you but does no damage. x2
The 16-headed hydra bites you!!
You die...

#.##.# #.# ..#.# ##'##
#.#.# ##..)## # #.#.#
##.....## #.###...#
##.......##
.##..°..○§####.........#
.............'.........+
###.yD.°####.........#
#.##@## ##.......## #
### ##.....## ##...##
##+##


You could see a 16-headed hydra (berserk, agile) and a vampire mosquito.

Vanquished Creatures
  Jorgrun (D:12)
  Asterion (Snake:1)
  A hydra (D:13)
  A salamander tyrant (Snake:3)
  4 vault guards (D:13)
  Fannar (D:10)
  8 anacondas
  4 centaur warriors
  5 two-headed ogres
  2 naga warriors
  3 boulder beetles
  3 death yaks (D:11)
  2 naga sharpshooters (Snake:3)
  A shock serpent (Snake:1)
  A skyshark (Lair:2)
  A salamander mystic (Snake:3)
  Lodul (D:12)
  Nergalle (D:12)
  A sea snake (Snake:1)
  3 naga ritualists
  3 deep elf pyromancers
  2 mana vipers
  4 ugly things
  4 manticores
  An oklob plant (Lair:1)
  A manticore (shapeshifter) (D:13)
  5 salamanders
  5 cyclopes
  6 naga magi
  22 black mambas
  6 cane toads
  2 guardian serpents
  An unseen horror (D:10)
  3 gargoyles
  2 rime drakes (Lair:1)
  3 komodo dragons
  An efreet (D:13)
  2 ice devils (D:11)
  A queen bee (D:12)
  3 polar bears
  A wandering mushroom (Lair:1)
  A hornet (D:10)
  9 trolls
  18 blink frogs
  6 slime creatures
  3 shadows
  A wraith (D:11)
  3 wyverns
  26 yaks
  2 vampires (D:13)
  A hog (shapeshifter) (D:13)
  A basilisk (Lair:1)
  2 steam dragons
  5 vampire mosquitoes
  11 nagas
  A swamp worm (Snake:1)
  A floating eye (Lair:1)
  An acid dragon (D:13)
  13 water moccasins
  3 ice beasts
  A black bear (Lair:1)
  22 orc warriors
  3 sky beasts
  8 ogres (D:12)
  5 wolves (Lair:2)
  A centaur (D:6)
  A kobold brigand (D:10)
  6 bullfrogs
  2 scorpions
  2 gnoll sergeants (D:10)
  3 wights (D:8)
  6 killer bees
  2 electric eels (Snake:1)
  2 howler monkeys
  5 hounds
  5 jellies
  12 orc priests
  A hell rat (D:11)
  20 orc wizards
  An ogre zombie (D:12)
  9 gnolls (D:10)
  8 adders
  2 river rats (D:11)
  A shadow imp (D:5)
  2 white imps
  2 worms
  A dart slug (D:1)
  75 orcs
  2 endoplasms
  3 giant cockroaches
  11 goblins
  12 hobgoblins
  9 jackals
  2 quokkas (D:11)
  10 ball pythons
  8 bats
  25 kobolds
  11 rats
  A butterfly (Lair:1)
533 creatures vanquished.

Vanquished Creatures (collateral kills)
  A slime creature (D:12)
1 creature vanquished.

Vanquished Creatures (others)
  A mana viper (Snake:3)
  A tengu conjurer (D:13)
  An orc wizard (D:13)
  5 orcs
  A quokka (D:1)
  9 fungi
  14 plants
32 creatures vanquished.

Grand Total: 566 creatures vanquished

Notes
Turn   | Place    | Note
-------+----------+-------------------------------------------
     0 | D:1      | jovan2203 the Gargoyle Fighter began the quest for the Orb.
     0 | D:1      | Reached XP level 1. HP: 14/14 MP: 1/1
    89 | D:1      | Reached XP level 2. HP: 19/19 MP: 2/2
   364 | D:1      | Reached XP level 3. HP: 15/23 MP: 3/3
   998 | D:2      | Reached XP level 4. HP: 29/29 MP: 4/4
  1381 | D:3      | Identified the +4 chain mail of the Miller {Harm rElec
                  | Regen+ Dex-3}
  1939 | D:4      | Found a staircase to the Ecumenical Temple.
  1945 | Temple   | Entered the Ecumenical Temple
  2078 | Temple   | Became a worshipper of Qazlal Stormbringer
  2193 | D:4      | Reached XP level 5. HP: 33/33 MP: 5/5
  2218 | D:4      | Reached skill level 1 in Dodging
  2290 | D:4      | Reached XP level 6. HP: 39/39 MP: 6/6
  2694 | D:4      | Gained mutation: You possess an exceptional clarity of
                  | mind. [potion of mutation]
  2694 | D:4      | Gained mutation: You are weak. (Str -2) [potion of
                  | mutation]
  2694 | D:4      | Gained mutation: You are partially covered in large bone
                  | plates. (SH +4) [potion of mutation]
  2971 | D:5      | Entered Level 5 of the Dungeon
  2978 | D:5      | Noticed a sky beast
  2986 | D:5      | Killed a sky beast
  3069 | D:5      | Reached XP level 7. HP: 33/44 MP: 7/7
  3118 | D:5      | Reached skill level 5 in Armour
  3166 | D:5      | Reached * piety under Qazlal
  3167 | D:5      | Reached skill level 5 in Fighting
  3169 | D:5      | Reached skill level 5 in Shields
  3801 | D:6      | Reached XP level 8. HP: 50/50 MP: 8/8
  4401 | D:6      | Identified the ring "Eseluhee" {Int+6 SInv}
  4754 | D:7      | Found a flagged portal.
  4764 | Bailey   | Entered a bailey
  4793 | Bailey   | Reached ** piety under Qazlal
  4885 | Bailey   | Reached XP level 9. HP: 56/56 MP: 9/9
  4887 | Bailey   | Reached skill level 5 in Axes
  5219 | D:7      | Found a shimmering altar of Xom.
  5271 | D:7      | Found a shadowy altar of Dithmenos.
  5273 | D:7      | Found a sacrificial altar of Ru.
  5647 | D:7      | Reached *** piety under Qazlal
  6464 | D:9      | Reached XP level 10. HP: 63/63 MP: 10/10
  6528 | D:9      | Reached skill level 5 in Dodging
  6644 | D:9      | Reached **** piety under Qazlal
  6860 | D:9      | Found a bloodstained altar of Trog.
  6986 | D:9      | Noticed a two-headed ogre
  6997 | D:9      | Killed a two-headed ogre
  7306 | D:10     | Entered Level 10 of the Dungeon
  7524 | D:10     | Noticed a gargoyle
  7527 | D:10     | Reached XP level 11. HP: 58/69 MP: 11/11
  7702 | D:10     | Found a staircase to the Orcish Mines.
  7707 | D:10     | Noticed a two-headed ogre
  7711 | D:10     | Noticed Fannar
  7721 | D:10     | Killed a two-headed ogre
  7727 | D:10     | Found Kirghatam's Book Shop.
  7754 | D:10     | Killed Fannar
  8020 | D:10     | Found a glowing golden altar of the Shining One.
  8020 | D:10     | Found an opulent altar of Gozag.
  8314 | D:11     | Noticed a boulder beetle
  8344 | D:11     | Killed a boulder beetle
  8399 | D:11     | Noticed a cyclops
  8405 | D:11     | Killed a cyclops
  8514 | D:11     | Found a frozen archway.
  8652 | D:11     | Noticed a manticore
  8652 | D:11     | Noticed a cyclops
  8675 | D:11     | Killed a manticore
  8676 | D:11     | Killed a cyclops
  8710 | D:11     | Reached skill level 10 in Fighting
  8710 | D:11     | Reached skill level 10 in Armour
  8715 | D:11     | Reached XP level 12. HP: 58/77 MP: 12/12
  8716 | D:11     | Reached skill level 10 in Shields
  8801 | D:11     | Noticed a death yak
  8802 | D:11     | Found a staircase to the Lair.
  8802 | D:11     | Noticed a death yak
  8802 | D:11     | Noticed a death yak
  8816 | D:11     | Killed a death yak
  8839 | D:11     | Killed a death yak
  8861 | D:11     | Killed a death yak
  8880 | D:11     | Reached ***** piety under Qazlal
  9461 | Lair:1   | Entered Level 1 of the Lair of Beasts
  9707 | Lair:1   | Paralysed by a floating eye for 4 turns
  9715 | Lair:1   | Paralysed by a floating eye for 2 turns
  9724 | Lair:1   | Paralysed by a floating eye for 3 turns
  9738 | Lair:1   | Paralysed by a floating eye for 2 turns
 10279 | Lair:2   | Identified the +7 whip "Heogec" {freeze, rC+ Str+3 Dex+2}
 10304 | Lair:2   | Reached XP level 13. HP: 83/84 MP: 13/13
 10901 | Lair:2   | Found a staircase to the Snake Pit.
 10909 | Snake:1  | Entered Level 1 of the Snake Pit
 10931 | Snake:1  | Reached skill level 1 in Evocations
 10946 | Snake:1  | You are sucked into a shaft and drop 1 floor!
 11163 | Snake:2  | Reached skill level 10 in Axes
 11196 | Snake:2  | Gained mutation: Your large and strong wings let you fly.
                  | [Gargoyle growth]
 11196 | Snake:2  | Reached XP level 14. HP: 20/92 MP: 9/14
 11330 | Snake:2  | Reached ****** piety under Qazlal
 11627 | Snake:1  | Noticed Asterion
 11634 | Snake:1  | Killed Asterion
 11870 | Snake:1  | Got the Information on Loathsome Formation
 11877 | Snake:1  | Found Cuicitaw's Book Shoppe.
 12165 | Snake:1  | Found Agyikhya's Antique Weapon Emporium.
 12392 | Snake:1  | Found Ussel's Distillery.
 13389 | Snake:3  | Found Bedi's Distillery.
 13405 | Snake:3  | Bought a potion of heal wounds for 70 gold pieces
 13405 | Snake:3  | Bought a potion of ambrosia for 112 gold pieces
 13405 | Snake:3  | Bought a potion of curing for 42 gold pieces
 13405 | Snake:3  | Bought a potion of might for 56 gold pieces
 13512 | Snake:3  | HP: 4/92 [salamander tyrant (22)]
 13536 | Snake:3  | HP: 2/92 [salamander/+0 spear (9)]
 13551 | Snake:3  | HP: 4/92 [anaconda (5)]
 13551 | Snake:3  | HP: 1/92 [constriction (1)]
 13556 | Snake:3  | HP: 4/92 [constriction (2)]
 13653 | Snake:3  | Bought a potion of curing for 42 gold pieces
 13653 | Snake:3  | Bought a potion of curing for 42 gold pieces
 13653 | Snake:3  | Bought a potion of curing for 42 gold pieces
 13653 | Snake:3  | Bought a potion of curing for 42 gold pieces
 14161 | D:12     | Noticed Lodul
 14176 | D:12     | Killed Lodul
 14203 | D:12     | Found a gate leading to a gauntlet.
 14504 | D:12     | Noticed Jorgrun
 14504 | D:12     | Noticed Nergalle
 14527 | D:12     | Killed Nergalle
 14537 | D:12     | Killed Jorgrun
 14538 | D:12     | Reached skill level 5 in Evocations
 14538 | D:12     | Reached XP level 15. HP: 62/98 MP: 14/15
 14645 | D:12     | Found Fehi's Armour Boutique.
 14649 | D:12     | Bought the +4 moon troll leather armour {Spirit, Regen++
                  | MP+5} for 872 gold pieces
 14649 | D:12     | Found the +4 moon troll leather armour {Spirit, Regen++
                  | MP+5}
 15124 | D:13     | Reached skill level 10 in Dodging
 15248 | D:13     | Found a gate to the Vaults.
 15919 | D:14     | Lost mutation: You are weak. (Str -2) [potion of mutation]
 15919 | D:14     | Lost mutation: You possess an exceptional clarity of mind.
                  | [potion of mutation]
 15919 | D:14     | Lost mutation: You are partially covered in large bone
                  | plates. (SH +4) [potion of mutation]
 15919 | D:14     | Gained mutation: You are robust. (+10% HP) [potion of
                  | mutation]
 15919 | D:14     | Gained mutation: You occasionally lose the ability to read
                  | scrolls when taking damage. [potion of mutation]
 15919 | D:14     | Gained mutation: You are agile. (Dex +4, Str/Int -1)
                  | [potion of mutation]
 15958 | D:14     | HP: 3/108 [16-headed hydra (4)]
 15958 | D:14     | Mangled by a 16-headed hydra

Illustrated notes

Levels and vault maps discovered:
D:1:      minmay_arrival_four_loops, layout_basic
D:2:      layout_loops_ring, minmay_tetromino_l2
D:3:      layout_rooms, grunt_decor_cap
D:4:      layout_loops_corners, minmay_temple_entry_glassed_door
D:5:      layout_basic
D:6:      layout_cave_pods, chequers_avenue, roderic_roman_lattice
D:7:      layout_basic, mainiacjoe_overflow_six_doors_small,
          nicolae_overflow_hidden_temple, enter_bailey_3
D:8:      layout_rooms
D:9:      layout_loops_ring, trog_three_pillars_becter
D:10:     layout_loops_ring, chequers_temple_overflow_statue_of_worship,
          orc_0_dummy, serial_shops, nicolae_shop_stone,
          kennysheep_generic_room_12, uniq_fannar
D:11:     layout_loops_ring, dpeg_lair_monsters, portal_ice_cave_demonic_guard
D:12:     layout_roguey [special_room_orc], gauntlet_entry_generic,
          serial_shops, kennysheep_mini, nrook_guardian_serpent_ordinary,
          uniq_lodul, uniq_jorgrun, uniq_nergalle
D:13:     minmay_four_partial_circles, layout_irregular_city,
          lightli_vaults_fourway_checkpoint, chequers_serial_rivers_small_b
D:14:     layout_loops_corners
Temple:   nicolae_temple_ecumenical_triangle
Lair:1:   layout_hall_layers, disabler_island, lemuel_fruit_tree,
          serial_bayou_shore_b, lemuel_fruit_fields
Lair:2:   layout_cave_pods, minmay_snake_entry_six_corridors,
          chequers_serial_rivers_micro_c
Snake:1:  layout_basic, serial_shops, shop, shop, shop_fountains, st_stairs_13,
          grunt_megastairs_1, uniq_asterion
Snake:2:  layout_cave_shapes, grunt_ministairs_9
Snake:3:  layout_layer_cave, serial_shops, shop

Skill      XL: |  1  2  3  4  5  6  7  8  9 10 11 12 13 14 15 |
---------------+----------------------------------------------+-----
Axes           | 2 3 4 5 7 8 9 10 11 | 11.2
Armour         | 4 5 6 7 8 10 11 12 13 | 13.4
Fighting       | 4 5 6 7 8 10 11 12 13 | 13.5
Shields        | 4 5 6 7 8 9 11 12 13 | 13.5
Dodging        | 1 2 3 4 5 7 8 9 10 | 10.1
Evocations     | 2 5 |  5.8

Action                     |  1- 3 |  4- 6 |  7- 9 | 10-12 | 13-15 || total
---------------------------+-------+-------+-------+-------+-------++-------
  Melee: War axe           |   138 |   170 |    32 |       |       ||   340
         Hand axe          |       |       |   322 |   607 |   923 ||  1852
 Invoke: Upheaval          |       |       |       |       |     1 ||     1
    Use: Scroll            |       |     9 |     6 |    16 |     6 ||    37
         Potion            |       |     3 |     2 |     3 |    12 ||    20
   Stab: Paralysed         |       |       |       |     2 |     5 ||     7
         Confused          |       |       |       |       |    12 ||    12
         Petrifying        |       |       |       |       |     1 ||     1
 Armour: Scale mail        |    84 |    26 |       |       |       ||   110
         Chain mail        |       |    91 |    76 |       |       ||   167
         Plate armour      |       |       |    31 |   202 |   242 ||   475
         Troll leather arm |       |       |       |       |   117 ||   117
  Dodge: Dodged            |    90 |    93 |    98 |   155 |   356 ||   792
         Repelled          |       |     1 |     4 |     5 |    15 ||    25
  Block: Buckler           |    28 |    26 |       |       |       ||    54
         Kite shield       |       |    35 |   258 |   562 |  1095 ||  1950

Table legend: (Time is in decaauts)
 A = Elapsed time spent in this place.
 B = Non-inter-level travel time spent in this place.
 C = Inter-level travel time spent in this place.
 D = Time resting spent in this place.
 E = Time spent auto-exploring this place.
 F = Levels seen in this place.
 G = Mean time per level.
                   A        B        C        D        E       F      G
               +--------+--------+--------+--------+--------+-----+--------+
         Total |  16138 |  15537 |    601 |      0 |  10758 |  21 |  768.5 |
       Dungeon |  11168 |  10802 |    366 |      0 |   7861 |  14 |  797.7 |
        Temple |    156 |    144 |     12 |      0 |      0 |   1 |  156.0 |
          Lair |   1690 |   1656 |     34 |      0 |   1056 |   2 |  845.0 |
     Snake Pit |   2791 |   2602 |    189 |      0 |   1743 |   3 |  930.3 |
        Bailey |    331 |    331 |      0 |      0 |     98 |   1 |  331.0 |
               +--------+--------+--------+--------+--------+-----+--------+

Top non-repeatable levels by time:
 Snake:1: 1302 daAuts
    D:11: 1273 daAuts
    D:10: 990 daAuts
 Snake:2: 988 daAuts
     D:6: 944 daAuts
     D:7: 936 daAuts
     D:4: 919 daAuts
     D:9: 891 daAuts
    D:12: 869 daAuts
  Lair:2: 854 daAuts
     D:5: 840 daAuts
  Lair:1: 835 daAuts
    D:13: 833 daAuts
     D:1: 750 daAuts
     D:2: 679 daAuts
